AoeStats
← AiM | CanvaL

Arena

510547260Analyzed
4v4 RM · 1d ago on Oct 1, 2026· 40m 54s· 8 players
Game mode
Random Map
Map size
Large (8 player)
Population
200
Speed
Normal
Resources
Standard
Victory
Conquest
Starting age
Dark Age
Ending age
Imperial Age
RankedLock teamsTeams togetherTeam positionsShared explorationLock speedFull tech treeHidden civsTurbo modeCheats
Victory
Defeat
🇨🇳 Saxons · China
1207
+15
🇨🇳 Persians · China
1164
+17
🇺🇸 Varangians · United States
1159
+17
🇨🇳 Danes · China
1038
+23
🇨🇳 Saxons · China
1204
-19
🇨🇱 Byzantines · Chile
1188
-18
🇨🇱 Bohemians · Chile
1179
-18
🇨🇾 Italians · Cyprus
1150
-17
fuita
0:46 Loom
11:43 Feudal Age
12:03 Feudal Age
16:54 Castle Age
15:10 Gold Mining
15:54 Horse Collar
19:28 Double-Bit Axe
24:14 Bow Saw
24:39 Heavy Plow
30:14 Imperial Age
28:06 Fletching
28:44 Ballistics
30:02 Stone Mining
30:24 Squires
30:27 Bodkin Arrow
30:33 Padded Archer Armor
32:15 Chemistry
31:41 Conscription
32:25 Wheelbarrow
32:09 Leather Archer Armor
35:01 Bombard Tower
34:44 Bracer
35:15 Ring Archer Armor
35:12 Arson
Anunkind
11:06 Feudal Age
16:08 Castle Age
15:23 Double-Bit Axe
20:12 Loom
20:47 Horse Collar
21:22 Bow Saw
25:56 Heavy Plow
28:41 Imperial Age
26:49 Fletching
27:00 Padded Archer Armor
27:44 Wheelbarrow
28:42 Hand Cart
28:25 Bodkin Arrow
29:34 Chemistry
30:04 Conscription
29:54 Wagenburg Tactics
31:07 Bracer
31:23 Leather Archer Armor
31:43 Elite Skirmisher
34:30 Ring Archer Armor
AiM | CanvaL
3:05 Loom
4:26 Loom
7:00 Loom
9:47 Feudal Age
15:28 Castle Age
14:08 Double-Bit Axe
14:18 Horse Collar
15:07 Fletching
18:12 Wheelbarrow
19:56 Bow Saw
24:34 Heavy Plow
24:49 Gold Mining
31:11 Imperial Age
28:13 Crossbowman
28:59 Thumb Ring
29:17 Ballistics
28:59 Padded Archer Armor
28:57 Bodkin Arrow
29:17 Stone Mining
30:39 Leather Archer Armor
31:06 Gold Shaft Mining
32:02 Hand Cart
31:51 Bracer
31:32 Arbalester
33:55 Chemistry
35:15 Forging
35:05 Scale Mail Armor
35:36 Ring Archer Armor
35:38 Conscription
35:39 Logistica
35:07 Pikeman
35:47 Squires
35:42 Halberdier
36:59 Iron Casting
37:22 Murder Holes
38:55 Chain Mail Armor
MyGO.Soyo
12:18 Feudal Age
14:02 Wheelbarrow
16:50 Castle Age
14:43 Double-Bit Axe
15:32 Horse Collar
16:19 Scale Mail Armor
17:00 Forging
17:59 Bow Saw
17:52 Heavy Plow
19:34 Loom
28:57 Hand Cart
32:53 Imperial Age
30:47 Gambesons
31:03 Squires
30:48 Arson
31:30 Chain Mail Armor
31:52 Iron Casting
31:26 Gold Mining
31:43 Pikeman
33:26 Gold Shaft Mining
32:42 Stone Mining
32:59 Halberdier
34:24 Conscription
33:26 Elite Hearth Troop
34:34 Capped Ram
35:45 Siege Ram
37:35 Shield Wall
打虎将李忠
10:33 Feudal Age
14:51 Castle Age
12:39 Horse Collar
14:13 Stone Mining
15:11 Double-Bit Axe
21:48 Wheelbarrow
21:45 Heavy Plow
24:28 Bow Saw
28:49 Imperial Age
26:26 Loom
29:14 Hand Cart
29:15 Scale Mail Armor
31:05 Elite Varangian Guard
32:24 Squires
32:10 Arson
33:01 Conscription
35:40 Gold Mining
36:26 Stone Shaft Mining
37:07 Ballistics
36:53 Siege Engineers
37:57 Man-at-Arms
38:22 Gambesons
38:57 Long Swordsman
40:05 Heavy Scorpion
40:54 Two-Handed Swordsman
摸着天杜迁
10:26 Feudal Age
13:57 Castle Age
11:55 Double-Bit Axe
13:23 Horse Collar
19:51 Loom
23:06 Heavy Plow
25:30 Wheelbarrow
29:06 Imperial Age
26:36 Stone Mining
27:34 Hand Cart
27:19 Town Watch
27:47 Scale Barding Armor
28:07 Forging
28:46 Stone Shaft Mining
28:34 Bow Saw
28:48 Gold Mining
29:00 Scale Mail Armor
29:23 Chain Barding Armor
30:04 Iron Casting
29:18 Elite War Elephant
30:45 Conscription
31:14 Gold Shaft Mining
31:39 Plate Barding Armor
32:55 Blast Furnace
32:41 Crop Rotation
33:26 Two-Man Saw
32:39 Husbandry
32:49 Bloodlines
34:51 Citadels
35:20 Hoardings
37:03 Town Patrol
矮脚虎王英
10:53 Feudal Age
11:58 Double-Bit Axe
12:03 Horse Collar
14:47 Castle Age
16:01 Bow Saw
16:04 Heavy Plow
20:45 Wheelbarrow
20:45 Loom
21:42 Gold Mining
28:10 Imperial Age
26:19 Forging
26:15 Scale Barding Armor
26:07 Stone Mining
26:16 Town Watch
27:44 Iron Casting
27:48 Hand Cart
28:21 Stone Shaft Mining
28:12 Husbandry
28:23 Bloodlines
28:36 Chain Barding Armor
28:20 Cavalier
30:44 Blast Furnace
30:37 Vendel Legacy
32:38 Conscription
33:32 Plate Barding Armor
38:47 Squires
38:33 Arson
38:09 Elite Varangian Guard
39:18 Capped Ram
40:33 Scale Mail Armor
拼命三郎石秀
8:26 Loom
10:11 Feudal Age
14:40 Castle Age
14:17 Double-Bit Axe
15:36 Bow Saw
15:49 Town Watch
20:51 Horse Collar
24:13 Gold Mining
24:30 Heavy Plow
25:10 Wheelbarrow
24:34 Man-at-Arms
27:26 Hand Cart
31:26 Imperial Age
30:03 Gold Shaft Mining
29:19 Stone Mining
29:44 Fletching
30:33 Bodkin Arrow
30:39 Scale Mail Armor
30:40 Padded Archer Armor
30:47 Crossbowman
31:32 Thumb Ring
31:44 Forging
32:30 Ballistics
33:12 Chemistry
33:17 Two-Man Saw
32:55 Bracer
33:14 Leather Archer Armor
33:39 Arbalester
35:19 Ring Archer Armor
35:08 Chain Mail Armor
35:28 Iron Casting
35:42 Conscription
37:41 Hoardings
40:40 Plate Mail Armor
40:03 Elite Hearth Troop
40:04 Shield Wall
Connection lost

Rejoining the realm…

Still unreachable

The connection could not be restored.

Session expired

The server has moved on; the page needs a fresh start.